Map: Inside and Out

Players

Percival

  • Race: Terran Terran
  • League: Master
  • Spawn Location: 1:00

GuMiho - Winner!

  • Race: Terran Terran
  • League: Master
  • Spawn Location: 7:00

VOD

Have the link to the VOD?

Description

Time

  • Played on: Oct. 20, 2022, 7:12 a.m.
  • Length: 18:48
Show
View Real Time Build Order
Export as new Build Order

Percival Terran 

Build Orders:  

Get SALT Encoding   

  12  0:00  SCV  
  13  0:12  SCV  
  14  0:17  Supply Depot  
  14  0:24  SCV  
  15  0:38  SCV  
  15  0:40  Barracks  
  16  0:43  Refinery  
  16  0:50  SCV  
  16  0:52  Refinery  
  17  1:02  SCV  
  18  1:15  SCV  
  19  1:26  Reaper  
  19  1:27  Orbital Command  
  19  1:28  Supply Depot  
  20  1:43  Factory  
  20  1:53  SCV  
  21  1:59  Barracks Reactor  
  21  2:06  SCV  
  22  2:18  SCV  
  23  2:28  Command Center  
  23  2:30  SCV  
  23  2:31  Hellion  
  26  2:37  Reaper  
  26  2:38  Reaper  
  27  2:44  Supply Depot  
  27  2:45  SCV  
  28  2:52  Hellion  
  28  2:57  SCV  
  31  3:03  Starport  
  31  3:10  Reaper  
  31  3:12  Reaper  
  33  3:13  SCV  
  33  3:16  Factory Tech Lab  
  33  3:19  Hellion  
  34  3:25  SCV  
  35  3:33  Refinery  
  35  3:37  SCV  
  35  3:41  Orbital Command  
  34  3:47  Marine x2  
  34  3:48  Factory Tech Lab  
  35  3:49  SCV, Starport Tech Lab  
  36  4:01  SCV  
  37  4:05  Marine x2  
  37  4:06  Cyclone  
  37  4:09  SCV  
  43  4:14  Raven  
  44  4:19  SCV  
  44  4:21  SCV  
  44  4:23  Marine  
  44  4:24  Supply Depot, Marine  
  47  4:31  Supply Depot, SCV  
  47  4:33  SCV  
  49  4:39  Siege Tank  
  49  4:43  Marine x2  
  54  4:45  SCV x2  
  54  4:51  Supply Depot  
  56  4:57  Raven  
  56  4:58  SCV x2  
  60  5:00  Marine  
  60  5:01  Marine  
  62  5:10  SCV x2  
  62  5:11  Siege Tank  
  67  5:18  Marine  
  67  5:19  Marine  
  69  5:22  Command Center  
  69  5:23  SCV  
  69  5:25  SCV  
  71  5:29  Supply Depot  
  71  5:31  Supply Depot  
  72  5:35  SCV  
  72  5:37  SCV  
  71  5:43  Siege Tank  
  71  5:47  Viking  
  71  5:48  Viking  
  78  5:51  Marine  
  78  5:54  SCV  
  76  6:04  Refinery  
  76  6:06  SCV  
  76  6:07  SCV  
  76  6:10  Marine  
  79  6:15  Siege Tank  
  79  6:17  Supply Depot  
  83  6:18  SCV  
  83  6:19  SCV  
  83  6:21  Barracks  
  83  6:22  Barracks  
  84  6:28  Viking x2  
  84  6:30  SCV, Marine  
  84  6:31  SCV  
  91  6:36  Supply Depot  
  91  6:42  SCV  
  91  6:43  SCV  
  92  6:48  Siege Tank, Marine  
  96  6:54  SCV  
  96  6:55  SCV  
  96  6:56  Orbital Command  
  98  7:02  Viking x2  
  98  7:06  SCV, Marine  
  97  7:10  SCV  
  97  7:12  Barracks Reactor x2  
  94  7:21  Siege Tank  
  94  7:22  SCV x2  
  99  7:24  Marine  
  99  7:34  Viking  
  99  7:36  Viking  
  100  7:39  SCV  
  101  7:49  Barracks Tech Lab, Marine x3  
  101  7:50  Marine  
  105  7:55  Siege Tank  
  105  7:56  SCV  
  105  7:57  SCV x2  
  110  8:03  Refinery x2  
  110  8:07  Marine  
  110  8:08  SCV, Marine x4  
  110  8:09  SCV x2  
  118  8:18  Engineering Bay x2  
  118  8:21  SCV x2  
  118  8:23  SCV  
  121  8:30  Marine x2  
  121  8:33  SCV x2  
  106  8:35  SCV  
  106  8:37  Marine x3  
  94  8:45  Viking x2, Siege Tank, SCV x2  
  94  8:47  SCV  
  97  8:50  Marine x2  
  99  8:56  Stimpack, Marine  
  99  8:57  SCV x2, Marine x2  
  99  9:01  Terran Infantry Armor Level 1, Terran Infantry Weapons Level 1  
  105  9:09  SCV  
  107  9:16  Marine x5  
  107  9:21  Siege Tank  
  108  9:28  Command Center  
  108  9:30  Viking  
  108  9:31  Viking  
  109  9:35  Marine  
  109  9:36  Marine x4  
  114  9:39  Barracks x2  
  114  9:45  SCV x3  
  92  9:53  Marine x2  
  92  9:54  Marine x3  
  92  9:57  SCV x2  
  99  10:05  Armory  
  99  10:06  SCV, Sensor Tower  
  100  10:09  Medivac x2  
  100  10:11  SCV  
  100  10:12  SCV  
  106  10:19  SCV, Marine x4  
  106  10:20  Marine  
  112  10:26  SCV  
  112  10:27  SCV  
  112  10:28  Barracks Reactor  
  114  10:30  Barracks Reactor  
  114  10:31  SCV  
  115  10:37  Supply Depot  
  115  10:38  SCV  
  115  10:39  SCV, Combat Shield  
  117  10:44  Marine x5  
  117  10:45  Sensor Tower  
  117  10:47  SCV  
  123  10:50  Siege Tank  
  123  10:51  SCV  
  123  10:53  Medivac x2  
  123  10:55  Terran Vehicle Weapons Level 1  
  131  10:59  Planetary Fortress  
  131  11:01  SCV x2  
  132  11:04  Refinery  
  132  11:14  SCV x3  
  135  11:20  Terran Infantry Weapons Level 2  
  135  11:21  Marine x8  
  135  11:23  Siege Tank, Marine  
  147  11:28  Refinery, Terran Infantry Armor Level 2  
  147  11:31  SCV  
  148  11:34  Supply Depot  
  148  11:35  Supply Depot  
  148  11:39  Supply Depot  
  148  11:40  Supply Depot  
  148  11:56  Viking, Siege Tank, SCV x3  
  148  11:57  SCV  
  157  12:04  Starport x2  
  157  12:05  Factory  
  157  12:07  Marine x6  
  157  12:08  Barracks Reactor, SCV x2, Marine x2  
  168  12:24  Command Center  
  168  12:28  Siege Tank  
  173  12:36  Marine  
  173  12:37  Marine x2  
  170  12:38  Marine x4  
  172  12:55  Supply Depot, Terran Vehicle Weapons Level 2  
  172  12:56  Supply Depot x2  
  172  12:58  Marine x2  
  172  12:59  Marine  
  172  13:00  Liberator  
  172  13:01  Siege Tank  
  172  13:16  Liberator, Marine x2  
  172  13:17  SCV x3, Marine x7  
  172  13:18  SCV, Siege Tank  
  191  13:22  Marine  
  191  13:24  Supply Depot  
  189  13:27  Starport Tech Lab  
  189  13:28  Starport Tech Lab  
  189  13:30  Missile Turret x2  
  189  13:31  Missile Turret  
  189  13:32  Missile Turret  
  189  13:33  Command Center  
  189  13:34  Marine  
  189  13:39  Command Center  
  190  13:49  Siege Tank  
  190  13:51  Siege Tank  
  190  13:52  Sensor Tower  
  195  14:00  Viking  
  195  14:01  Viking  
  185  14:10  Viking x2  
  189  14:21  Marine x5  
  189  14:22  Marine x2  
  191  14:25  Marine  
  191  14:26  Marine x2  
  191  14:28  Siege Tank x2  
  200  14:36  Terran Infantry Armor Level 3, Terran Infantry Weapons Level 3  
  190  14:43  Viking, Raven  
  162  14:48  Viking, Raven  
  162  14:52  Marine x2  
  155  15:09  Marine x7  
  155  15:10  Marine  
  163  15:20  Marine x2  
  147  15:22  Siege Tank x2  
  147  15:23  Viking x2  
  147  15:26  SCV x3  
  158  15:36  Orbital Command x2  
  158  15:49  Raven x2  
  162  15:54  Siege Tank x2  
  162  15:57  Viking x2  
  172  16:06  Sensor Tower  
  172  16:09  Planetary Fortress  
  154  16:26  Siege Tank x2, Marine x8  
  154  16:32  Viking x2  
  150  16:33  Raven  
  150  16:34  Raven  
  150  16:38  Marine x2  
  153  16:52  Marine x8  
  161  16:56  Marine  
  161  16:58  Siege Tank x2  
  163  17:13  Marine x5  
  166  17:15  Marine  
  166  17:16  Marine x4  
  166  17:18  Raven x2  
  170  17:30  Siege Tank x2  
  170  17:31  Viking x2  
  177  17:41  Marine x3  
  177  17:42  Marine x2  
  171  17:48  Marine  
  155  17:56  Marine  
  143  17:58  Command Center  
  143  18:01  Medivac x2  
  143  18:02  Siege Tank  
  143  18:03  Siege Tank  
  153  18:10  Marine x5  
  153  18:11  Marine  
  159  18:17  Marine x3  
Show
View Real Time Build Order
Export as new Build Order

GuMiho Terran - Winner!

Build Orders: Cyclone Opening 

Get SALT Encoding   

  12  0:00  SCV  
  13  0:12  SCV  
  14  0:16  Supply Depot  
  14  0:24  SCV  
  15  0:38  SCV  
  15  0:39  Barracks  
  16  0:42  Refinery  
  16  0:50  SCV  
  16  0:52  Refinery  
  17  1:02  SCV  
  18  1:14  SCV  
  19  1:26  Orbital Command  
  19  1:27  Reaper  
  20  1:35  Supply Depot  
  20  1:40  Factory  
  20  1:52  SCV  
  21  1:59  Reaper  
  22  2:04  SCV  
  23  2:16  Command Center  
  23  2:17  SCV  
  24  2:26  Hellion  
  24  2:29  SCV  
  27  2:34  Barracks Tech Lab  
  26  2:41  SCV  
  27  2:45  Starport  
  27  2:51  Supply Depot  
  27  2:53  SCV  
  27  2:57  Cyclone  
  31  3:01  Barracks Tech Lab  
  31  3:13  SCV  
  28  3:25  SCV  
  29  3:29  Cyclone  
  29  3:32  Refinery  
  29  3:33  Banshee  
  35  3:45  SCV  
  36  3:50  Orbital Command  
  36  3:52  Barracks Reactor  
  36  3:57  SCV  
  37  4:06  Command Center  
  37  4:09  SCV  
  38  4:16  Raven  
  40  4:22  SCV x2  
  42  4:26  Supply Depot  
  42  4:29  Siege Tank  
  45  4:34  SCV x2  
  45  4:38  Marine x2  
  49  4:46  SCV x2  
  49  4:48  Supply Depot  
  51  4:56  Marine x2  
  51  4:58  SCV x2  
  51  4:59  Barracks  
  55  5:05  Barracks  
  55  5:08  Starport Reactor  
  55  5:10  SCV x2  
  57  5:15  Siege Tank  
  57  5:20  Orbital Command  
  60  5:21  Marine  
  60  5:22  Marine  
  60  5:25  SCV  
  60  5:27  SCV  
  64  5:30  Supply Depot  
  64  5:37  SCV  
  64  5:39  SCV, Marine  
  64  5:40  Marine  
  68  5:47  Stimpack, Siege Tank  
  68  5:48  Marine  
  68  5:49  SCV  
  73  5:51  SCV, Medivac  
  73  5:55  Medivac  
  78  5:57  SCV  
  78  6:00  Marine x2  
  78  6:02  Barracks Reactor, SCV  
  82  6:04  SCV  
  82  6:06  Supply Depot  
  82  6:08  Marine  
  82  6:09  Refinery, SCV  
  85  6:14  SCV  
  85  6:16  SCV  
  85  6:18  Marine  
  87  6:24  Marine  
  86  6:26  Siege Tank, Marine  
  86  6:27  SCV x2  
  86  6:28  SCV  
  93  6:36  Bunker, Marine  
  93  6:39  Engineering Bay, Marine x2  
  96  6:40  Engineering Bay  
  96  6:42  Marine  
  96  6:43  SCV x2  
  96  6:44  Marine  
  101  6:54  Marine  
  99  6:57  Marine x2  
  99  6:58  SCV x2  
  101  7:02  Marine  
  101  7:04  Marine  
  101  7:11  Siege Tank, Marine  
  101  7:12  Supply Depot  
  101  7:14  Supply Depot  
  101  7:15  Marine x2  
  100  7:20  Marine  
  100  7:21  Orbital Command  
  101  7:25  Marine  
  101  7:27  Combat Shield  
  101  7:29  Medivac, Marine  
  101  7:32  Medivac, Marine  
  101  7:34  Marine  
  95  7:37  SCV, Marine  
  95  7:38  SCV  
  95  7:42  Marine  
  95  7:43  Siege Tank  
  101  7:47  Terran Infantry Armor Level 1, Terran Infantry Weapons Level 1, Marine  
  101  7:50  SCV x2  
  104  7:52  Marine x2  
  104  7:55  SCV, Marine  
  107  8:01  Supply Depot  
  107  8:02  Supply Depot, SCV x2  
  107  8:03  Medivac x2  
  113  8:09  SCV  
  112  8:14  SCV x2  
  114  8:21  SCV  
  114  8:22  Command Center  
  114  8:27  Marine  
  114  8:28  Marine  
  114  8:30  Marine x3  
  90  8:45  Siege Tank, Marine x2  
  90  8:46  Medivac x2  
  90  8:47  Marine  
  90  8:48  SCV x3, Marine x2  
  95  8:56  Barracks  
  95  8:57  Barracks  
  95  9:00  SCV  
  96  9:03  Marine x2  
  96  9:05  Marine x2  
  96  9:08  SCV x2  
  102  9:10  Marine  
  102  9:12  SCV  
  102  9:13  Supply Depot x2  
  103  9:19  Command Center  
  103  9:21  Armory, Marine x2  
  105  9:26  Marine x2  
  105  9:28  Marine  
  105  9:30  Siege Tank  
  108  9:36  Medivac x2  
  111  9:39  Marine x2  
  111  9:44  Marine x2  
  113  9:45  Marine  
  102  9:57  Marine x2  
  101  10:02  Barracks Reactor, Siege Tank, Marine x2  
  101  10:03  SCV x3, Factory, Marine  
  101  10:04  Barracks Reactor  
  101  10:05  Refinery  
  101  10:06  Refinery, Medivac x2  
  114  10:08  Terran Infantry Armor Level 2  
  114  10:14  Sensor Tower, Marine  
  114  10:18  Marine  
  114  10:20  Marine x2  
  118  10:21  Terran Infantry Weapons Level 2, Marine  
  118  10:23  SCV x3  
  122  10:33  Marine  
  122  10:35  SCV  
  124  10:36  Marine  
  124  10:37  Marine  
  124  10:38  Siege Tank, Marine  
  124  10:39  Command Center, Marine  
  131  10:43  Medivac  
  131  10:49  SCV x3  
  136  10:52  Marine x5  
  136  10:54  Marine  
  136  10:55  Marine  
  136  10:57  Medivac  
  145  10:59  Factory Tech Lab  
  145  11:01  Refinery x2  
  145  11:04  Marine x2  
  145  11:09  Marine x2  
  145  11:10  Siege Tank, Marine x3  
  154  11:13  Marine x2  
  154  11:16  Planetary Fortress  
  156  11:23  Siege Tank  
  161  11:26  Terran Vehicle Weapons Level 1  
  161  11:28  Marine  
  161  11:31  Starport  
  161  11:32  Starport  
  163  11:33  Supply Depot  
  163  11:34  Supply Depot  
  163  11:35  Supply Depot  
  159  11:45  Missile Turret  
  159  11:50  SCV x2  
  159  11:51  SCV, Planetary Fortress  
  159  11:53  Marine x9  
  171  11:55  Missile Turret  
  171  12:02  Viking x2  
  171  12:08  Siege Tank  
  177  12:09  Siege Tank, Starport Tech Lab  
  177  12:10  Starport Tech Lab  
  177  12:11  Marine x2  
  177  12:12  SCV x2  
  177  12:15  SCV, Missile Turret  
  185  12:20  Marine x4  
  189  12:25  Sensor Tower  
  189  12:34  Terran Infantry Armor Level 3  
  188  12:43  Terran Infantry Weapons Level 3  
  188  12:46  Marine x8  
  188  12:49  Refinery, Raven  
  188  12:50  Refinery  
  199  12:52  Raven  
  199  12:54  Corvid Reactor  
  200  13:02  Sensor Tower  
  198  13:08  Command Center  
  198  13:09  Command Center  
  198  13:19  Missile Turret  
  192  13:21  Command Center  
  192  13:32  Raven, Siege Tank x2  
  200  13:34  Command Center  
  200  13:38  Terran Vehicle Weapons Level 2  
  200  13:45  Missile Turret  
  198  13:57  Viking  
  175  14:10  Thor  
  175  14:11  Thor  
  175  14:12  Marine x9  
  181  14:28  Viking x2, Raven  
  181  14:29  Raven  
  181  14:30  Marine x9  
  178  14:47  Marine  
  178  14:48  Marine x5  
  167  14:53  Marine x2  
  167  14:54  Marine  
  167  14:56  Siege Tank x2  
  167  14:58  Viking x2  
  167  14:59  Orbital Command x2  
  180  15:01  Planetary Fortress  
  180  15:04  Planetary Fortress  
  180  15:05  Marine  
  180  15:06  Marine x5  
  186  15:10  Missile Turret x2  
  186  15:11  Viking, Marine x2  
  186  15:12  Viking, Marine  
  180  15:23  Marine x2  
  180  15:26  Smart Servos  
  182  15:29  Siege Tank  
  182  15:30  Viking x2, Siege Tank  
  192  15:36  Marine x3  
  192  15:37  Marine x3  
  192  15:38  Marine  
  192  15:41  Marine  
  200  15:53  Refinery  
  200  15:54  Terran Vehicle And Ship Armor Level 1  
  200  15:55  Refinery  
  200  16:02  Viking  
  187  16:29  Missile Turret  
  187  16:31  Marine x3  
  187  16:32  Marine x4  
  165  16:33  Marine x2  
  165  16:37  Raven x2  
  165  16:38  Viking x2  
  169  16:49  Marine x5  
  169  16:50  Marine x2  
  169  16:51  Marine x2  
  176  17:07  Marine x5  
  176  17:08  Marine x2  
  176  17:09  Marine  
  176  17:13  Siege Tank x2, Marine  
  182  17:20  Raven x2  
  186  17:25  Marine x7  
  186  17:27  Marine  
  190  17:31  Marine  
  191  17:39  Medivac x2  
  191  17:42  Marine  
  191  17:43  Marine x6  
  200  17:46  Marine  
  200  17:49  Marine  
  156  17:58  Siege Tank x2  
  156  18:00  Marine x3  
  156  18:01  Marine x4  
  156  18:03  Medivac  
  156  18:04  Factory x2, Marine  
  172  18:06  Factory  
  172  18:07  Marine  
  171  18:18  Marine x4  
  171  18:19  Marine x3  
  175  18:22  Marine  
  175  18:24  Marine  
Tags
 
Add a new tag
Caveats
  • Supply blocks, unpowered buildings, or Contaminate may cause inaccurate times.
  • Supply counts are checked every 10 seconds.